 Dungeon Crawl Stone Soup version 0.24-a0-250-g6074511 (webtiles) character file.

Game seed: 1348177296305432610

8429 Borgoz the Slicer (level 11, 0/67 HPs)
             Began as a Kobold Gladiator on Apr 16, 2019.
             Was a Follower of Ashenzari.
             Slain by a wolf (10 damage)
             ... on level 9 of the Dungeon.
             The game lasted 00:42:02 (11028 turns).

Borgoz the Slicer (Kobold Gladiator)               Turns: 11028, Time: 00:42:03

Health: 0/67       AC: 10    Str: 20    XL:     11   Next: 55%
Magic:  0/16       EV: 24    Int:  9    God:    Ashenzari [*.....]
Gold:   213        SH:  0    Dex: 17    Spells: 10/10 levels left

rFire    . . .     SeeInvis .   a - +2 short sword (venom)
rCold    . . .     Gourm    .   (shield restricted)
rNeg     . . .     Faith    .   q - +1 leather armour {MR+}
rPois    .         Spirit   +   Y - +1 hat
rElec    .         Reflect  .   y - +0 cloak
rCorr    .         Harm     .   j - +2 pair of gloves
MR       ++...                  (no boots)
Stlth    ++++......             V - amulet of guardian spirit
HPRegen  0.21/turn              N - ring of protection from magic
MPRegen  0.15/turn              r - +4 ring of evasion

@: mighty
A: small, carnivore
a: Curse Item, Scrying, Renounce Religion


You were on level 9 of the Dungeon.
You worshipped Ashenzari.
Ashenzari was aware of your devotion.
You were very full.

You visited 3 branches of the dungeon, and saw 13 of its levels.
You also visited: Sewer and Ossuary.

You collected 763 gold pieces.
You spent 550 gold pieces at shops.

Inventory:

Hand Weapons
 a - a +2 short sword of venom (weapon)
 b - a +0 rapier
 P - a +1 rapier
Armour
 c - a +2 ring mail of cold resistance
 j - a +2 pair of gloves (worn)
 q - a +1 leather armour of magic resistance (worn)
 w - a +0 leather armour of fire resistance
 y - a +0 cloak (worn)
 T - the +2 cloak "Nysocud" {rF++ Str-4}
   (You bought it in a shop on level 10 of the Dungeon)

   It affects your strength (-4).
   It greatly protects you from fire.
 Y - a +1 hat (worn)
Jewellery
 r - a +4 ring of evasion (right hand)
 K - an uncursed ring of protection from cold
 N - a ring of protection from magic (left hand)
 O - an uncursed ring of poison resistance
 V - an amulet of guardian spirit (around neck)
Wands
 o - a wand of scattershot (2)
 z - a wand of acid (1)
Scrolls
 d - 3 scrolls of vulnerability {unknown}
 h - 5 scrolls of magic mapping {unknown}
 k - 10 scrolls of teleportation
 m - a scroll of blinking
 n - 7 scrolls of fear
 p - a scroll of random uselessness {unknown}
 t - 2 scrolls of enchant armour
 v - 2 scrolls of summoning
 x - 5 scrolls of remove curse
 C - 3 scrolls of fog
 E - 4 scrolls of amnesia {unknown}
 H - 3 scrolls of holy word {unknown}
 L - 2 scrolls of enchant weapon
Potions
 e - 7 potions of curing
 g - 4 potions of haste
 i - 2 potions of flight
 B - a potion of agility
 G - 3 potions of cancellation
Comestibles
 f - 19 rations


   Skills:
 + Level 7.5 Fighting
 + Level 12.3 Short Blades
 - Level 2.5 Throwing
 * Level 5.1 Armour
 + Level 8.4 Dodging
 + Level 9.4 Stealth
 + Level 7.8 Evocations


You had 10 spell levels left.
You didn't know any spells.
Your spell library contained the following spells:

 Spells                   Type           Power        Failure   Level  Hunger
 Magic Dart               Conj           #...         43%         1    ##.....
 Searing Ray              Conj           #.....       56%         2    ###....
 Dazzling Spray           Conj/Hex       #.....       80%         3    ####...
 Force Lance              Conj/Tloc      #.......     99%         4    #####..
 Fulminant Prism          Conj/Hex       #.........   99%         4    #####..
 Iskenderun's Mystic Bla  Conj           #.......     99%         4    #####..


Dungeon Overview and Level Annotations

Branches:
Dungeon (11/15)            Temple (1/1) D:7            Lair (1/6) D:9
    Orc (0/2) D:11

Altars:
Ashenzari
Cheibriados
Dithmenos
Elyvilon
Fedhas
Gozag
Hepliaklqana
Kikubaaqudgha
Makhleb
Nemelex Xobeh
Okawaru
Qazlal
Ru
Sif Muna
Trog
Uskayaw
Vehumet
Wu Jian
Xom
Yredelemnul
Zin
The Shining One
Beogh

Shops:
D:8 *   D:9 }   D:10 [


Innate Abilities, Weirdness & Mutations

You are small and have problems with some larger weapons.
You are carnivorous and can eat meat at any time.


Message History

Things that are here:
4 potions of brilliance; 3 potions of mutation; 4 potions of lignification The wolf misses you.
The wolf completely misses you. The wolf misses you.
There is a staircase back to the Dungeon here.
The wolf bites you.
* * * LOW HITPOINT WARNING * * *
The wolf misses you. x2; The wolf completely misses you.
You climb upwards.
Welcome back to the Dungeon!
There is a staircase to the Lair here.
You feel much better. The wolf completely misses you. The wolf bites you.
The wolf bites you!
* * * LOW HITPOINT WARNING * * *
The wolf completely misses you. The wolf barely misses you. The wolf bites you.
* * * LOW HITPOINT WARNING * * *
The wolf misses you. x2
The wolf bites you!
* * * LOW HITPOINT WARNING * * *
The wolf bites you!
You die...

##.)..# #............
#.....#####.....#'#>...
########)######........'∩'....
#...[..[.# #.########'#....
#.######.### #.# #......
#.####.....####.# ####...
#.##.........##.# ####
#.#...[...P...#[#
#....P......h@.[#
#.......>...h)..#
##..............#
##...........#.#
##..[......##.# ###.....####.#
###........# ##########


You could see 2 wolves.

Vanquished Creatures
  Erolcha (D:10)
  An orc knight (D:11)
  Psyche (D:8)
  Maurice (D:9)
  A centaur skeleton (D:11)
  Grinder (D:6)
  A hippogriff (D:11)
  Grum (D:10)
  A hungry ghost (D:10)
  Menkaure (D:6)
  3 wargs (D:9)
  3 water moccasins
  4 orc warriors
  An ice beast (D:9)
  A black bear (D:10)
  3 eyes of draining
  2 sky beasts
  A phantom (D:7)
  4 ogres
  8 wolves
  2 centaurs (D:7)
  3 big kobolds
  5 bullfrogs
  A wyvern skeleton (D:11)
  4 scorpions
  3 wights (D:7)
  An electric eel (D:8)
  A howler monkey (D:5)
  A bullfrog zombie (D:5)
  2 centaur zombies
  2 crimson imps
  A quasit (D:10)
  7 hounds
  4 jellies
  A gnoll shaman (D:8)
  9 orc wizards
  2 human zombies (Ossuary)
  9 orc priests
  Ijyb (D:3)
  2 iguanas
  4 worker ants
  A big kobold zombie (Ossuary)
  2 mummies (Ossuary)
  A howler monkey zombie (D:7)
  A worker ant zombie (D:10)
  5 gnolls
  13 adders
  2 river rats (D:5)
  A shadow imp (D:9)
  10 oozes
  2 adder skeletons
  2 adder zombies
  4 worms (D:2)
  A dart slug (D:1)
  10 leopard geckos
  39 orcs
  4 ball pythons
  12 bats
  10 giant cockroaches
  6 goblins
  8 hobgoblins
  8 jackals
  6 quokkas
  10 frilled lizards
  10 hobgoblin zombies (Ossuary)
  4 jackal zombies (Ossuary)
  30 kobolds
  6 kobold zombies (Ossuary)
  A leopard gecko skeleton (D:5)
  12 orc zombies (Ossuary)
  A quokka skeleton (D:4)
  14 rats
  2 rat zombies
343 creatures vanquished.

Vanquished Creatures (others)
  2 plants (D:8)
2 creatures vanquished.

Grand Total: 345 creatures vanquished

Notes
Turn   | Place    | Note
-------+----------+-------------------------------------------
     0 | D:1      | Borgoz the Kobold Gladiator began the quest for the Orb.
     0 | D:1      | Reached XP level 1. HP: 12/12 MP: 1/1
    28 | D:1      | Reached XP level 2. HP: 18/18 MP: 2/2
   223 | D:1      | Reached XP level 3. HP: 15/22 MP: 3/3
   472 | D:1      | Reached skill level 1 in Stealth
   706 | D:2      | Reached XP level 4. HP: 27/27 MP: 4/4
   732 | D:2      | Reached skill level 5 in Short Blades
  1280 | D:2      | Found an ancient bone altar of Kikubaaqudgha.
  1287 | D:2      | Reached XP level 5. HP: 32/32 MP: 5/5
  1421 | D:2      | Reached skill level 1 in Armour
  1793 | D:3      | Found an iron altar of Okawaru.
  2032 | D:3      | Noticed Ijyb
  2041 | D:3      | Killed Ijyb
  2041 | D:3      | Reached skill level 6 in Short Blades
  2041 | D:3      | Reached XP level 6. HP: 37/37 MP: 6/6
  2092 | D:3      | Found a glowing golden altar of the Shining One.
  2829 | D:4      | Got a colourful robe
  2835 | D:4      | Found a shadowy altar of Dithmenos.
  2856 | D:4      | Identified the cursed +0 robe of Sorikh {+Blink rC- Str+2
                  | Dex+4} (You found it on level 4 of the Dungeon)
  3061 | D:4      | Found a hazy altar of Hepliaklqana.
  3114 | D:5      | Entered Level 5 of the Dungeon
  3184 | D:5      | Noticed an ogre
  3191 | D:5      | Killed an ogre
  3191 | D:5      | Reached skill level 7 in Short Blades
  3191 | D:5      | Reached XP level 7. HP: 42/42 MP: 7/7
  3422 | D:5      | Found a sparkling altar of Nemelex Xobeh.
  3422 | D:5      | Found an ornate altar of the Wu Jian Council.
  3423 | D:5      | Found a stormy altar of Qazlal.
  3512 | D:5      | Found a radiant altar of Vehumet.
  3594 | D:5      | Found a glowing drain.
  3598 | Sewer    | Entered a sewer
  4117 | D:6      | Noticed Grinder
  4129 | D:6      | Paralysed by Grinder for 4 turns
  4137 | D:6      | Paralysed by Grinder for 4 turns
  4144 | D:6      | Killed Grinder
  4144 | D:6      | Reached skill level 5 in Stealth
  4144 | D:6      | Reached skill level 1 in Evocations
  4144 | D:6      | Reached XP level 8. HP: 24/48 MP: 7/9
  4228 | D:6      | Reached skill level 8 in Short Blades
  4228 | D:6      | Reached skill level 5 in Dodging
  4307 | D:6      | Noticed Menkaure
  4316 | D:6      | Killed Menkaure
  4373 | D:6      | Found a sand-covered staircase.
  4384 | Ossuary  | Entered an ossuary
  5246 | D:7      | Reached skill level 9 in Short Blades
  5246 | D:7      | Reached XP level 9. HP: 28/52 MP: 12/12
  5265 | D:7      | Found a staircase to the Ecumenical Temple.
  5389 | Temple   | Entered the Ecumenical Temple
  5396 | Temple   | Became a worshipper of Ashenzari the Shackled
  5425 | D:7      | Reached skill level 5 in Fighting
  5515 | D:7      | Reached skill level 10 in Short Blades
  5561 | D:7      | Reached skill level 5 in Evocations
  6055 | D:7      | Found a burning altar of Makhleb.
  6107 | D:7      | Found a sacrificial altar of Ru.
  6277 | D:8      | Found a hazy altar of Hepliaklqana.
  6456 | D:8      | Found Hegyque's General Store.
  6652 | D:8      | Noticed Psyche
  6672 | D:8      | Killed Psyche
  6672 | D:8      | Reached skill level 11 in Short Blades
  6672 | D:8      | Reached XP level 10. HP: 32/60 MP: 14/14
  7477 | D:8      | Identified the +6 morningstar of the Common Good {speed,
                  | +Rage}
  8125 | D:9      | Found Qes Furgh's Gadget Boutique.
  8159 | D:9      | Found a staircase to the Lair.
  8165 | D:9      | Noticed Maurice
  8429 | D:9      | Killed Maurice
  8953 | D:10     | Entered Level 10 of the Dungeon
  8960 | D:10     | Reached * piety under Ashenzari
  9073 | D:10     | Noticed Grum
  9110 | D:10     | Killed Grum
  9523 | D:10     | Noticed Erolcha
  9539 | D:10     | Killed Erolcha
  9539 | D:10     | Reached skill level 12 in Short Blades
  9539 | D:10     | Reached XP level 11. HP: 21/66 MP: 16/16
  9831 | D:10     | Found Mihido Nipp's Antique Armour Boutique.
  9840 | D:10     | Bought an encrusted cloak for 275 gold pieces
  9840 | D:10     | Bought a brightly glowing shield for 275 gold pieces
  9940 | D:10     | Identified the +2 cloak "Nysocud" {rF++ Str-4} (You bought
                  | it in a shop on level 10 of the Dungeon)
 10467 | D:11     | Found a roughly hewn altar of Beogh.
 10467 | D:11     | Found a staircase to the Orcish Mines.
 10468 | D:11     | Noticed an orc knight
 10493 | D:11     | Killed an orc knight
 10760 | D:10     | Reached skill level 5 in Armour
 10920 | Lair:1   | Entered Level 1 of the Lair of Beasts
 11021 | Lair:1   | HP: 3/67 [wolf (5)]
 11028 | D:9      | Slain by a wolf

Levels and vault maps discovered:
D:1:      giann_horns, layout_loops_ring
D:2:      minmay_door_path, layout_basic, kiku_gazebo_garden_becter
D:3:      layout_basic, tso_metal_star, minmay_misc_feat_rugged,
          okawaru_ov_weapons_minmay, uniq_ijyb
D:4:      minmay_spotlight, layout_basic, lemuel_round_altar, lemuel_round_altar
D:5:      layout_basic, overflow_temple_1_default,
          gammafunk_temple_overflow_claw, first_ration, gup_sewer_entry_spiral
D:6:      layout_loops_ring, enter_ossuary_3, uniq_menkaure, uniq_grinder
D:7:      layout_rooms, kennysheep_mini_moat, nicolae_overflow_crystal_walls,
          minmay_temple_entry_mini_moons
D:8:      layout_basic, basic_altar, serial_shops, shop,
          hangedman_little_slice_of_home, serial_bayou_ford_a,
          hangedman_decor_riveting, uniq_psyche
D:9:      layout_basic, erik_lair_orcish_takeover, serial_shops,
          nicolae_shop_behind_doors, uniq_maurice
D:10:     layout_irregular_city, serial_shops, shop, uniq_grum, uniq_erolcha
D:11:     layout_cross, david_orc_5, serial_bayou_pond_d
Temple:   nicolae_temple_no_exploring_needed
Lair:1:   layout_misc_corridors, minmay_lair_oklob_chamber
Sewer:    kennysheep_pipe_town
Ossuary:  ossuary_tomb_1

Skill      XL: |  1  2  3  4  5  6  7  8  9 10 11 |
---------------+----------------------------------+-----
Dodging        | 4 5 6 7 8 |  8.4
Stealth        | 1 2 3 5 6 7 8 9 |  9.4
Short Blades   | 5 6 7 9 11 12 | 12.3
Fighting       | 3 4 5 6 7 |  7.5
Armour         | 1 2 4 5 |  5.1
Evocations     | 1 4 5 7 |  7.8
Throwing       | |  2.5

Action                   |  1- 3 |  4- 6 |  7- 9 | 10-12 || total
-------------------------+-------+-------+-------+-------++-------
Melee: Rapier            |    72 |   213 |   513 |   187 ||   985
       Short sword       |       |       |       |   325 ||   325
Throw: Throwing net      |     2 |     1 |     3 |       ||     6
Evoke: Wand              |       |       |     6 |    10 ||    16
  Use: Potion            |     2 |       |     4 |    16 ||    22
       Scroll            |     5 |     2 |    13 |     4 ||    24
 Stab: Sleeping          |     5 |     8 |    21 |    11 ||    45
       Distracted        |       |       |     3 |     1 ||     4
       Invisible         |       |       |     2 |       ||     2
  Eat: Chunk             |     8 |     6 |    14 |    15 ||    43
Armor: Leather armour    |    15 |    37 |       |    51 ||   103
       Robe              |       |     1 |    58 |    12 ||    71
Dodge: Dodged            |    64 |   180 |   339 |   439 ||  1022

Table legend:
 A = Non-vault XP
 B = Vault XP
 C = Vault XP percentage of total XP
 D = Non-vault monster count
 E = Vault monster count
 F = Vault count percentage of total count
                 A         B        C        D         E       F
            +---------+---------+-------+---------+---------+-------
      Total |    7220 |    4822 |  40.0 |     230 |     113 |  32.9
            +---------+---------+-------+---------+---------+-------
        D:1 |      68 |       0 |   0.0 |      34 |       0 |   0.0
        D:2 |     105 |      16 |  13.2 |      30 |       3 |   9.1
        D:3 |      93 |      36 |  27.9 |      20 |       1 |   4.8
        D:4 |      86 |      53 |  38.1 |      10 |       3 |  23.1
        D:5 |     395 |      37 |   8.6 |      13 |       7 |  35.0
        D:6 |     388 |     463 |  54.4 |      13 |       3 |  18.8
        D:7 |    1173 |       0 |   0.0 |      21 |       0 |   0.0
        D:8 |     722 |     624 |  46.4 |      30 |       9 |  23.1
        D:9 |     763 |     893 |  53.9 |      18 |       9 |  33.3
       D:10 |    1394 |    1670 |  54.5 |      24 |       8 |  25.0
       D:11 |    1159 |     811 |  41.2 |      10 |       7 |  41.2
     Lair:1 |     874 |       0 |   0.0 |       7 |       0 |   0.0
      Sewer |       0 |      36 | 100.0 |       0 |      24 | 100.0
    Ossuary |       0 |     183 | 100.0 |       0 |      39 | 100.0
            +---------+---------+-------+---------+---------+-------
